 Dungeon Crawl Stone Soup version 0.28.0-43-g3370ac3207 (webtiles) character file.

Game seed: 8533026921211687153

11128 pkoi the Grappler (level 11, 0/91 HPs)
             Began as a Green Draconian Monk on Mar 18, 2022.
             Was an Initiate of Gozag.
             Slain by a five-headed hydra (1 damage)
             ... on level 1 of the Lair of Beasts.
             The game lasted 00:23:32 (16239 turns).

pkoi the Grappler (Green Draconian Monk)           Turns: 16239, Time: 00:23:32

Health: 0/91       AC:  7    Str: 15    XL:     11   Next: 45%
Magic:  17/17      EV: 12    Int: 20    God:    Gozag
Gold:   346        SH:  0    Dex: 13    Spells: 11/18 levels left

rFire   . . .      SeeInvis .     - Unarmed
rCold   . . .      Faith    .   (no shield)
rNeg    . . .      Spirit   .   (armour unavailable)
rPois   +          Reflect  .   (helmet restricted)
rElec   .          Harm     .   v - scarf {shadows}
rCorr   +          Rampage  .   (no gloves)
Will    .....                   (no boots)
Stlth   ++........              y - amulet of the acrobat
HPRegen 0.25/turn               e - +6 ring of intelligence
MPRegen 0.15/turn               t - ring of resist corrosion

@: studying Fighting
A: breathe noxious fumes, AC +7, unfitting armour, poison resistance,
cold-blooded
a: Breathe Noxious Fumes, Renounce Religion, Potion Petition, Call Merchant,
Bribe Branch


You were on level 1 of the Lair of Beasts.
You worshipped Gozag.
Gozag was aware of your devotion.
You visited 3 branches of the dungeon, and saw 11 of its levels.
You also visited: Ossuary.

You collected 1957 gold pieces.
You spent 1040 gold pieces at shops.
You paid 571 gold pieces to Gozag.

Inventory:

Hand Weapons
 c - a +0 spear of flaming
 g - a +3 dagger
 h - a +0 dagger of venom
Missiles
 d - 19 poisoned darts (quivered)
Armour
 b - a +1 cloak
 v - a scarf of shadows (worn)
Jewellery
 e - a +6 ring of intelligence (left hand)
 t - a ring of resist corrosion (right hand)
 y - an amulet of the acrobat (around neck)
Wands
 j - a wand of flame (4)
 w - a wand of charming (9)
 x - a wand of polymorph (10)
 C - a wand of acid (1)
 D - a wand of iceblast (6)
Scrolls
 m - 5 scrolls of teleportation
 n - a scroll of blinking
 p - 2 scrolls of silence
 r - a scroll of magic mapping
 z - 4 scrolls of identify
Potions
 a - 3 potions of might
 f - 2 potions of resistance
 i - a potion of invisibility
 k - 3 potions of haste
 l - 6 potions of heal wounds
 o - a potion of ambrosia
 q - a potion of mutation
 s - 6 potions of curing
 u - 3 potions of flight
 A - 2 potions of brilliance
 B - a potion of lignification {unknown}


   Skills:
 + Level 6.5 Fighting
 - Level 2.6 Dodging
 - Level 3.0 Stealth
 + Level 12.9 Unarmed Combat
 - Level 4.3 Spellcasting
 + Level 7.3 Conjurations
 + Level 6.7 Hexes
 + Level 3.5 Ice Magic


You had 11 spell levels left.
You knew the following spells:

 Your Spells              Type           Power      Damage    Failure   Level
a - Fulminant Prism       Conj/Hex       16%        3d11      7%          4
b - Ozocubu's Armour      Ice            18%        N/A       9%          3

Your spell library contained the following spells:

 Spells                   Type           Power      Damage    Failure   Level
 Magic Dart               Conj           100%       1d8       1%          1
 Searing Ray              Conj           66%        2d6       1%          2
 Tukima's Dance           Hex            31%        N/A       2%          3
 Sublimation of Blood     Necr           4%         N/A       19%         2
 Irradiate                Conj/Tmut      9%         3d16      58%         5
 Yara's Violent Unravell  Hex/Tmut       8%         3d5       65%         5
 Passage of Golubria      Tloc           4%         N/A       77%         4
 Petrify                  Tmut/Erth      4%         N/A       77%         4
 Alistair's Intoxication  Tmut/Pois      2%         N/A       98%         5
 Borgnjor's Vile Clutch   Necr/Erth      2%         N/A       98%         5
 Eringya's Noxious Bog    Tmut/Pois      2%         N/A       100%        6
 Ozocubu's Refrigeration  Ice            9%         4d6       100%        7


Dungeon Overview and Level Annotations

Branches:
Dungeon (9/15)             Temple (1/1) D:4            Lair (1/6) D:9
Ossuary (visited)
    Orc: D:9-12

Altars:
Ashenzari
Cheibriados
Dithmenos
Elyvilon
Fedhas
Gozag
Hepliaklqana
Kikubaaqudgha
Nemelex Xobeh
Okawaru
Qazlal
Ru
Sif Muna
Trog
Uskayaw
Vehumet
Xom
Yredelemnul
Zin
The Shining One

Shops:
D:7 :   D:8 [

Annotations:
D:4 3 runed translucent doors, demenzo's ghost, amateur HOCA


Innate Abilities, Weirdness & Mutations

You can breathe blasts of noxious fumes.
Your lurid green scales are hard. (AC +7)
You cannot fit into any form of body armour.
Your system is resistant to poisons. (rPois)
You are cold-blooded and may be slowed by cold attacks.


Message History

Aim: a five-headed hydra (90% to hit)
The bolt of acid hits the five-headed hydra!
The five-headed hydra is lightly wounded.
The five-headed hydra bites you but does no damage.
The five-headed hydra bites you!
* * * LOW HITPOINT WARNING * * *
The five-headed hydra bites you!
* * * LOW HITPOINT WARNING * * *
The five-headed hydra completely misses you.
The five-headed hydra closely misses you.
Unknown command.
Aiming: Corrosive Bolt
Press: ? - help, Shift-Dir - straight line, f/p - five-headed hydra
Aim: a five-headed hydra (lightly wounded, 90% to hit)
The bolt of acid hits the five-headed hydra!
The acid corrodes the five-headed hydra!
The five-headed hydra is moderately wounded.
The five-headed hydra bites you!
* * * LOW HITPOINT WARNING * * *
The five-headed hydra bites you but does no damage.
The five-headed hydra bites you!
* * * LOW HITPOINT WARNING * * *
The five-headed hydra barely misses you.
The five-headed hydra bites you.
* * * LOW HITPOINT WARNING * * *
Aiming: Corrosive Bolt
Press: ? - help, Shift-Dir - straight line, f/p - five-headed hydra
Aim: a five-headed hydra (moderately wounded, covered in acid, 90% to hit)
The bolt of acid hits the five-headed hydra!
The five-headed hydra seems to be corroded for longer.
The five-headed hydra is heavily wounded.
The five-headed hydra bites you.
* * * LOW HITPOINT WARNING * * *
The five-headed hydra bites you!
* * * LOW HITPOINT WARNING * * *
The five-headed hydra bites you.
* * * LOW HITPOINT WARNING * * *
The five-headed hydra bites you.
You die...
Your body crumbles into a pile of gold.

#.......#
#.......######
#......##.#P#
#......#....##
##...........#
####..........##
##.##...........#
###..............##
#...@..#..........#
#.....D............##
.........##.......##
.........##.....###
........####...##
.......#. #....#
........# ##....#
##.....# ##......###


You could see a five-headed hydra (corroded).

Vanquished Creatures
  Erolcha (D:9)
  A two-headed ogre (D:9)
  Pikel (D:4)
  Maurice (D:9)
  Psyche (D:8)
  5 kobold demonologists
  A komodo dragon (Lair:1)
  3 blink frogs (Lair:1)
  Sigmund (D:4)
  10 yaks
  3 wyverns
  A steam dragon (D:8)
  Menkaure (D:7)
  A water moccasin (D:5)
  2 orc warriors
  A black bear (D:3)
  3 ice beasts
  A sky beast (D:5)
  A necrophage (D:4)
  4 wolves (Lair:1)
  3 ogres
  3 centaurs
  5 kobold brigands
  A phantom (D:3)
  4 bullfrogs
  2 wyvern zombies
  2 scorpions (D:6)
  2 gnoll sergeants
  4 water moccasin zombies
  3 wyvern skeletons
  A water moccasin skeleton (D:7)
  A killer bee (D:7)
  9 wights
  2 electric eels
  3 howler monkeys (D:7)
  2 jellies
  2 centaur zombies
  An orc priest (D:6)
  2 bullfrog skeletons
  2 centaur skeletons (D:7)
  4 iguanas
  3 orc wizards
  2 hound skeletons
  3 mummies
  A howler monkey skeleton (D:7)
  10 gnolls
  7 adders
  A shadow imp (D:7)
  A white imp (D:6)
  An ufetubus (D:7)
  6 adder zombies (Ossuary)
  2 worms (D:2)
  3 dart slugs
  25 orcs
  9 ball pythons
  11 endoplasms
  2 giant cockroaches
  4 hobgoblins
  4 quokkas
  A bat (D:2)
  10 frilled lizards
  5 gnoll zombies (Ossuary)
  2 goblins
  3 hobgoblin zombies (Ossuary)
  18 kobolds
  5 kobold zombies (Ossuary)
  9 orc zombies (Ossuary)
  6 rats (D:1)
255 creatures vanquished.

Vanquished Creatures (others)
  An electric eel (D:7)
  15 fulminant prisms
  5 fungi (Lair:1)
  8 plants
29 creatures vanquished.

Grand Total: 284 creatures vanquished

Notes
Turn   | Place    | Note
-------+----------+-------------------------------------------
     0 | D:1      | pkoi the Draconian Monk began the quest for the Orb.
     0 | D:1      | Reached XP level 1. HP: 19/19 MP: 1/1
   442 | D:1      | Found a faded altar of an unknown god.
   452 | D:1      | Reached XP level 2. HP: 23/26 MP: 2/2
   980 | D:2      | Reached skill level 4 in Unarmed Combat
   980 | D:2      | Reached XP level 3. HP: 27/33 MP: 3/3
  1841 | D:2      | Reached XP level 4. HP: 40/40 MP: 4/4
  2275 | D:3      | Found a glowing golden altar of the Shining One.
  2495 | D:3      | Found a snail-covered altar of Cheibriados.
  2573 | D:3      | Found a shimmering altar of Xom.
  2583 | D:3      | Found an opulent altar of Gozag.
  2975 | D:3      | Became a worshipper of Gozag Ym Sagoz the Greedy
  3416 | D:4      | Reached skill level 5 in Unarmed Combat
  3462 | D:4      | Noticed a black bear
  3493 | D:3      | Killed a black bear
  3494 | D:3      | Reached XP level 5. HP: 22/47 MP: 5/5
  3902 | D:4      | Found a staircase to the Ecumenical Temple.
  3909 | Temple   | Entered the Ecumenical Temple
  4222 | D:4      | Noticed a necrophage
  4222 | D:4      | Noticed a lemure
  4223 | D:4      | Noticed a lemure
  4223 | D:4      | Noticed Pikel
  4251 | D:4      | Noticed a phantom
  4500 | D:3      | Killed a phantom
  4501 | D:3      | Reached skill level 5 in Fighting
  4501 | D:3      | Reached XP level 6. HP: 50/56 MP: 6/6
  4592 | D:4      | Reached skill level 6 in Unarmed Combat
  4675 | D:4      | Killed Pikel
  4676 | D:4      | Reached skill level 8 in Unarmed Combat
  4676 | D:4      | Your scales start taking on a lurid green colour.
  4676 | D:4      | Reached XP level 7. HP: 25/61 MP: 7/7
  4676 | D:4      | Gained mutation: Your system is resistant to poisons.
                  | (rPois) [Green Draconian growth]
  5022 | D:4      | Noticed Sigmund
  5034 | D:4      | Killed Sigmund
  5035 | D:4      | Reached skill level 9 in Unarmed Combat
  5035 | D:4      | Reached XP level 8. HP: 68/68 MP: 8/8
  5189 | D:4      | Found a runed translucent gate.
  5189 | D:4      | Found a runed translucent gate.
  5190 | D:4      | Found a runed translucent gate.
  5192 | D:4      | Noticed demenzo's ghost (amateur HOCA)
  5536 | D:5      | Entered Level 5 of the Dungeon
  5932 | D:5      | Reached skill level 10 in Unarmed Combat
  6707 | D:6      | Learned a level 4 spell: Fulminant Prism
  6957 | D:6      | Reached skill level 1 in Spellcasting
  6957 | D:6      | Reached skill level 1 in Conjurations
  7133 | D:6      | Reached skill level 1 in Hexes
  7181 | D:6      | Reached XP level 9. HP: 68/74 MP: 10/10
  7394 | D:7      | Found Pavamygrea's Self-Improvement Boutique.
  7919 | D:7      | Noticed Menkaure
  7925 | D:7      | Killed Menkaure
  7926 | D:7      | Reached skill level 11 in Unarmed Combat
 10016 | D:8      | Found a sand-covered staircase.
 10088 | Ossuary  | Entered an ossuary
 10640 | D:8      | Noticed Psyche
 10794 | D:8      | Killed Psyche
 10795 | D:8      | Reached XP level 10. HP: 70/81 MP: 14/16
 11893 | D:9      | Noticed Maurice
 11923 | D:9      | Killed Maurice
 11924 | D:9      | Reached skill level 5 in Conjurations
 12074 | D:8      | Reached skill level 12 in Unarmed Combat
 12201 | D:8      | Reached skill level 5 in Hexes
 12232 | D:9      | Noticed a smoke demon
 12447 | D:9      | Noticed a rust devil
 12551 | D:9      | Noticed a sun demon
 12851 | D:9      | Noticed an orange demon
 12852 | D:9      | Noticed an orange demon
 12875 | D:9      | Found a hide-covered altar of Uskayaw.
 13050 | D:9      | Learned a level 3 spell: Ozocubu's Armour
 13100 | D:9      | Reached skill level 1 in Ice Magic
 13426 | D:9      | Noticed Erolcha
 13437 | D:9      | Killed Erolcha
 13438 | D:9      | Reached XP level 11. HP: 62/86 MP: 13/17
 13758 | D:9      | Found a staircase to the Lair.
 13861 | D:9      | Noticed a two-headed ogre
 13889 | D:9      | Killed a two-headed ogre
 14030 | D:7      | Bought a manual of Fighting for 1040 gold pieces
 15013 | Lair:1   | Entered Level 1 of the Lair of Beasts
 15588 | Lair:1   | Noticed a five-headed hydra
 16239 | Lair:1   | HP: 2/91 [five-headed hydra (14)]
 16239 | Lair:1   | Slain by a five-headed hydra

Illustrated notes

Levels and vault maps discovered:
D:1:      nicolae_arrival_somewhat_less_tricky_arrival, layout_loops_ring,
          ebering_ecumenical_altar_abandoned, hangedman_decor_push
D:2:      minmay_evil_eye, layout_loops_ring, serial_forest,
          infiniplex_forest_clump_tiny, infiniplex_forest_end_3,
          infiniplex_forest_straight_2, infiniplex_forest_lined_corner,
          dk_noncrumbling_4, kennysheep_generic_room_6
D:3:      layout_rooms, mainiacjoe_overflow_brackets,
          nicolae_tso_carved_into_rock, mainiacjoe_overflow_large_starburst
D:4:      layout_cave_pools, minmay_temple_entry_junction_2,
          gammafunk_ghost_nasty_kobolds, grunt_ministairs_7, chequers_big_river,
          kennysheep_generic_room_14, uniq_pikel, uniq_sigmund
D:5:      layout_cave_pools, serial_glass, glass_columns_a, glass_columns_b,
          hangedman_decor_riveting, serial_bayou_lagoon_a, st_stairs_10
D:6:      layout_rooms, chequers_serial_rivers_micro_c
D:7:      minmay_clustersquares, layout_loops_ring, serial_bayou_pond_b,
          nicolae_shop_self_help, uniq_menkaure
D:8:      layout_basic, gup_ossuary_entry_pyramid, uniq_psyche
D:9:      layout_irregular_city, mainiacjoe_overflow_concentric_impassable,
          lair_entry_dummy, uniq_maurice, uniq_erolcha
Temple:   regret_index_temple_generic_petals
Lair:1:   layout_cave_pods, nicolae_quartered_pool_super,
          chequers_serial_rivers_large_b, cheibrodos_lair_caveside_slide,
          infiniplex_staircase_pool

Skill      XL: |  1  2  3  4  5  6  7  8  9 10 11 |
---------------+----------------------------------+-----
Unarmed Combat | 4 5 8 9 10 11 12 | 12.9
Fighting       | 4 5 6 |  6.5
Stealth        | 3 |  3.0
Spellcasting   | 1 4 |  4.3
Conjurations   | 1 4 6 7 |  7.3
Hexes          | 1 4 6 |  6.7
Ice Magic      | 1 3 |  3.5
Dodging        | |  2.6

Action                   |  1- 3 |  4- 6 |  7- 9 | 10-12 || total
-------------------------+-------+-------+-------+-------++-------
Melee: Spear             |   123 |    11 |       |       ||   134
       Unarmed           |     4 |   123 |   396 |   274 ||   797
       Tailslap          |    11 |    20 |    64 |    48 ||   143
       Punch             |     5 |     3 |    24 |    13 ||    45
       Dagger            |       |    23 |    13 |     7 ||    43
 Cast: Fulminant Prism   |       |       |       |    15 ||    15
Invok: Call Merchant     |       |       |       |     1 ||     1
 Abil: Breathe Noxious F |       |       |     8 |    19 ||    27
Evoke: Wand              |       |     7 |     5 |     4 ||    16
  Use: Scroll            |     3 |     2 |    18 |     1 ||    24
       Potion            |       |       |     1 |       ||     1
 Stab: Sleeping          |     5 |     3 |     4 |       ||    12
       Confused          |       |       |     2 |    15 ||    17
       Distracted        |       |       |     1 |     2 ||     3
Armor: Skin              |    21 |    49 |   108 |    41 ||   219
Dodge: Dodged            |    44 |    95 |   183 |   185 ||   507
